 Dungeon Crawl Stone Soup version 0.24-a0-250-g6074511 (webtiles) character file.

Game seed: 3713072833942332861

5 Veiltonx the Sneak (level 1, 0/9 HPs)
             Began as a Spriggan Enchanter on Apr 14, 2019.
             Slain by a bat (1 damage)
             ... on level 1 of the Dungeon.
             The game lasted 00:01:11 (63 turns).

Veiltonx the Sneak (Spriggan Enchanter)               Turns: 63, Time: 00:01:12

Health: 0/9        AC:  2    Str:  1 (4)  XL:     1   Next: 66%
Magic:  5/5        EV: 18    Int: 13 (16) God:
Gold:   0          SH:  0    Dex: 15 (16) Spells: 5/6 levels left

rFire    . . .     SeeInvis +   a - +1 dagger
rCold    . . .     Gourm    .   (shield restricted)
rNeg     . . .     Faith    .   b - +0 robe
rPois    .         Spirit   .   (helmet restricted)
rElec    .         Reflect  .   (no cloak)
rCorr    .         Harm     .   (gloves unavailable)
MR       .....                  (boots unavailable)
Stlth    +++.......             (no amulet)
HPRegen  0.03/turn              (no ring)
MPRegen  0.09/turn              (no ring)

@: very quick
A: very small, unfitting armour, see invisible, herbivore, speed 3, slow
metabolism 2
a: no special abilities


You were on level 1 of the Dungeon.
You were not hungry.

You visited 1 branch of the dungeon, and saw 1 of its levels.

Inventory:

Hand Weapons
 a - a +1 dagger (weapon)
Armour
 b - a +0 robe (worn)
 e - a cursed -2 buckler
Comestibles
 d - 2 rations


   Skills:
 - Level 1.1 Short Blades
 - Level 3.0 Dodging
 - Level 4.4 Stealth
 + Level 3.0 Spellcasting
 + Level 3.9 Hexes


You had 5 spell levels left.
You knew the following spells:

 Your Spells              Type           Power        Failure   Level  Hunger
a - Corona                Hex            ##.....      4%          1    #......

Your spell library contained the following spells:

 Spells                   Type           Power        Failure   Level  Hunger
 Confuse                  Hex            ##......     14%         3    ###....
 Tukima's Dance           Hex            ##......     14%         3    ###....
 Ensorcelled Hibernation  Hex/Ice        #.....       16%         2    ###....
 Dazzling Spray           Conj/Hex       #.....       30%         3    ###....


Dungeon Overview and Level Annotations

Branches:
Dungeon (1/15)

Altars:


Innate Abilities, Weirdness & Mutations

You are very small and have problems with some larger weapons.
You are too small for most types of armour.
You have supernaturally acute eyesight. (SInv)
You are a herbivore.
You cover ground extremely quickly.
You need to consume almost no food.


Message History

You hit the giant cockroach.
The giant cockroach is moderately wounded.
The bat misses you. The bat closely misses you. The bat misses you.
The giant cockroach bites you but does no damage.
You hit the giant cockroach.
The giant cockroach is almost dead.
The bat misses you. The giant cockroach barely misses you.
The bat barely misses you.
You hit the giant cockroach.
You kill the giant cockroach!
Your Spellcasting skill increases to level 3!
The bat misses you. The bat completely misses you.
The bat hits you but does no damage.
You barely miss the bat. The bat misses you. The bat hits you.
* * * LOW HITPOINT WARNING * * *
It was a potion of degeneration.
There was something very wrong with that liquid.
You feel weakened.
You feel dopey.
You feel clumsy. The bat hits you but does no damage. The bat hits you.
You die...

............!.≈≈≈#''#≈§§#
.......†......≈≈8≈≈≈≈8≈≈#
.........#....≈8≈§§≈≈§8≈# .
###.###..+....≈≈≈§§§≈§≈≈#
#.#....)#..#........§...#..
#.#.....#..#...##.......#.#
....w>........#######.## #
#.....#bb....# #..#
.....#.@....# ##.#
#.###.###..##### .#
#........).# .#
###.....(..# .. ##########


You could see 2 bats.

Vanquished Creatures
  A dart slug (D:1)
  A giant cockroach (D:1)
  A kobold (D:1)
  A rat (D:1)
4 creatures vanquished.

Notes
Turn   | Place    | Note
-------+----------+-------------------------------------------
     0 | D:1      | Veiltonx the Spriggan Enchanter began the quest for the
                  | Orb.
     0 | D:1      | Reached XP level 1. HP: 9/9 MP: 5/5
    63 | D:1      | Slain by a bat

Levels and vault maps discovered:
D:1:      lightli_arrival_boilingwater, layout_basic, st_stairs_3

Skill      XL: |  1 |
---------------+----+-----
Spellcasting   | 3 |  3.0
Short Blades   | |  1.1
Dodging        | |  3.0
Stealth        | |  4.4
Hexes          | |  3.9

Action                   || total
-------------------------++-------
Melee: Dagger            ||    24
 Cast: Corona            ||     2
  Use: Potion            ||     1
Armor: Robe              ||     7
Dodge: Dodged            ||    51

Table legend:
 A = Non-vault XP
 B = Vault XP
 C = Vault XP percentage of total XP
 D = Non-vault monster count
 E = Vault monster count
 F = Vault count percentage of total count
                 A         B        C        D         E       F
            +---------+---------+-------+---------+---------+-------
      Total |       7 |       1 |  12.5 |       3 |       1 |  25.0
            +---------+---------+-------+---------+---------+-------
        D:1 |       7 |       1 |  12.5 |       3 |       1 |  25.0
            +---------+---------+-------+---------+---------+-------
